 Dungeon Crawl Stone Soup version 0.31.0-11-ge490571c62 (webtiles) character file.

Game seed: 13758623609450072197

72 domi the Grave Robber (level 4, 0/21 HPs)
             Began as a Vine Stalker Necromancer on Jan 31, 2024.
             Slain by a gnoll
             ... wielding a +0 spear
              (1 damage)
             ... on level 2 of the Dungeon.
             The game lasted 00:02:42 (1601 turns).

domi the Grave Robber (Vine Stalker Necromancer)    Turns: 1601, Time: 00:02:43

Health: 0/21       AC:  2    Str: 10    XL:     4   Next: 26%
Magic:  0/8        EV: 12    Int: 17    God:
Gold:   77         SH:  0    Dex: 15    Spells: 6/7 levels left

rFire   . . .        j - +0 hand axe (heavy)
rCold   . . .        (no shield)
rNeg    . . .        a - +0 robe
rPois   .            (no helmet)
rElec   .            (no cloak)
rCorr   .            (no gloves)
SInv    .            (no boots)
Will    .....        (no amulet)
Stlth   ++           (no ring)
HPRegen 1.03/turn    (no ring)
MPRegen 0.11/turn

%: guardian spirit
@: no status effects
A: fangs 2, regeneration 1, magic shield, antimagic bite, no potion heal 2
a: no special abilities


You were on level 2 of the Dungeon.
You visited 1 branch of the dungeon, and saw 2 of its levels.

You collected 77 gold pieces.

Inventory:

Hand Weapons
 d - a +0 falchion
   (You found it on level 1 of the Dungeon)
 h - a +0 dagger
   (You took it off a goblin on level 1 of the Dungeon)
 j - a +0 heavy hand axe (weapon)
   (You took it off an orc on level 2 of the Dungeon)
Armour
 a - a +0 robe (worn)
Scrolls
 c - a scroll of identify {unknown}
 e - 2 scrolls of fear {unknown}
 f - a scroll of brand weapon {unknown}
 g - a scroll of teleportation {unknown}
Potions
 b - a potion of berserk rage {unknown}


   Skills:
 - Level 1.5 Dodging
 - Level 2.4 Stealth
 - Level 2.1 Spellcasting
 + Level 5.6 Necromancy


You had 6 spell levels left.
You knew the following spells:

 Your Spells              Type           Power      Damage    Failure   Level
y - Necrotise             Necr           84%        1d8       1%          1

Your spell library contained the following spells:

 Spells                   Type           Power      Damage    Failure   Level
 Vampiric Draining        Necr           21%        2d7       5%          3
 Animate Dead             Necr           21%        N/A       19%         4
 Curse of Agony           Necr           21%        N/A       45%         5


Dungeon Overview and Level Annotations

Branches:
Dungeon (2/15)

Altars:


Innate Abilities, Weirdness & Mutations

You have extremely sharp teeth.
Your natural rate of healing is unusually fast.
When hurt, damage is shared between your health and your magic reserves.
Your bite disrupts and absorbs the magic of your enemies.
Potions cannot restore your health.


Message History

A bat is nearby!
A bat is nearby!
A bat is nearby!
A bat is nearby!
Press: ? - help, Shift-Dir - straight line, f - bat
Aim: a bat (ally target, chance to affect: 89%)
The bat writhes in agony.
You kill the bat!
The dead are flying!
You swap places.
You swap places.
You swap places.
Your bat skeleton crumbles into dust!
You see here a +0 dagger.
A kobold comes into view. It is wielding a +0 short sword.
A kobold is nearby!
A kobold is nearby!
A kobold is nearby!
A kobold is nearby!
The kobold shouts!
Press: ? - help, Shift-Dir - straight line, f - kobold
Aim: a kobold, wielding a +0 short sword (chance to affect: 89%)
The kobold writhes in agony!
You kill the kobold!
You swap places.
You see here a +0 short sword.
You swap places.
You see here a +0 short sword.
Your kobold skeleton crumbles into dust!
A gnoll comes into view. It is wielding a +0 halberd.
A gnoll is nearby!
A gnoll is nearby!
A gnoll is nearby!
A gnoll is nearby!
A gnoll is nearby!
A gnoll is nearby!
A gnoll is nearby!
A gnoll is nearby!
A gnoll comes into view. It is wielding a +0 club.
A gnoll comes into view. It is wielding a +0 whip.
Press: ? - help, Shift-Dir - straight line, f - gnoll
Aim: a gnoll, wielding a +0 whip (asleep, chance to affect: 84%)
The gnoll shouts!
The gnoll writhes in agony.
The gnoll shouts!
Press: ? - help, Shift-Dir - straight line, f - gnoll
Aim: a gnoll, wielding a +0 halberd (wandering, hasn't noticed you, chance to affect: 84%)
The gnoll writhes in agony.
Press: ? - help, Shift-Dir - straight line, f/p - gnoll
Aim: a gnoll, wielding a +0 halberd (moderately wounded, chance to affect: 84%)
The gnoll writhes in agony.
A gnoll comes into view. It is wielding a +0 spear.
Press: ? - help, Shift-Dir - straight line, f/p - gnoll
Aim: a gnoll, wielding a +0 halberd (severely wounded, chance to affect: 84%)
The gnoll writhes in agony.
The gnoll shouts!
Press: ? - help, Shift-Dir - straight line, f/p - gnoll
Aim: a gnoll, wielding a +0 halberd (almost dead, chance to affect: 84%)
The gnoll writhes in agony.
You kill the gnoll!
The dead are walking!
A sling bullet appears from out of your range of vision.
The sling bullet hits your gnoll skeleton.
You hit the gnoll. You bite the gnoll. You drain its power.
You feel invigorated. The gnoll hits you with a +0 whip!
A sling bullet appears from out of your range of vision.
The sling bullet hits your gnoll skeleton.
The gnoll hits you with a +0 whip!
The gnoll hits you from afar with a +0 spear.
* * * LOW HITPOINT WARNING * * *
A sling bullet appears from out of your range of vision.
The sling bullet hits your gnoll skeleton.
Your gnoll skeleton hits the gnoll.
A sling bullet appears from out of your range of vision.
The sling bullet hits your gnoll skeleton.
Your gnoll skeleton closely misses the gnoll.
A sling bullet appears from out of your range of vision.
The sling bullet hits your gnoll skeleton.
The sling bullet hits your gnoll skeleton!
Your gnoll skeleton is destroyed!
The gnoll attacks as it pursues you! The gnoll hits you with a +0 whip.
* * * LOW HITPOINT WARNING * * *
It was a potion of ambrosia.
You are confused.
Your system rejects the healing.
You feel invigorated.
You bump into the rock wall.
The gnoll hits you from afar with a +0 spear.
* * * LOW HITPOINT WARNING * * *
The gnoll hits you with a +0 whip.
* * * LOW HITPOINT WARNING * * *
The gnoll hits you with a +0 whip.
* * * LOW HITPOINT WARNING * * *
The gnoll hits you from afar with a +0 spear.
* * * LOW HITPOINT WARNING * * *
You feel less invigorated.
You feel less confused. The gnoll hits you with a +0 whip!
* * * LOW HITPOINT WARNING * * *
The gnoll hits you with a +0 spear.
You die...

#>.#.##.#.# #.# #.###...#.#
#.#.###.#.## #.#
#.###...#.# ..###
#....######.####.#.....^.##
###
#..#..#.....##.)...........
##....#.....#.#.##........#
##....#......###.###...##.#
##.#.#.#.....#.#........#
###.##.............########
#.....##.###g@###.##
#.###.#..# ##g# #.#
#.#..<...# #g# #.#
#.#.#.#### #.# #.# #.....#
#.# #.# ###.### #.# #.. #.#
#........ #.# #.)###### #.#
#..#


You could see 3 gnolls.

Vanquished Creatures
  An orc wizard (D:2)
  A gnoll (D:2)
  A dart slug (D:2)
  4 orcs (D:2)
  2 endoplasms
  4 giant cockroaches
  3 goblins
  3 hobgoblins (D:2)
  2 quokkas (D:1)
  3 ball pythons
  3 bats
  3 kobolds
30 creatures vanquished.

Notes
Turn   | Place    | Note
-------+----------+-------------------------------------------
     0 | D:1      | domi the Vine Stalker Necromancer began the quest for the
                  | Orb.
     0 | D:1      | Reached XP level 1. HP: 9/9 MP: 4/4
   452 | D:1      | Reached XP level 2. HP: 9/13 MP: 1/6
  1110 | D:2      | Reached skill level 5 in Necromancy
  1110 | D:2      | Reached XP level 3. HP: 11/16 MP: 0/7
  1432 | D:2      | Reached XP level 4. HP: 20/21 MP: 5/8
  1593 | D:2      | HP: 5/21 [gnoll/+0 spear (4)]
  1599 | D:2      | HP: 4/21 [gnoll/+0 spear (2)]
  1601 | D:2      | HP: 1/21 [gnoll/+0 whip (2)]
  1601 | D:2      | Slain by a gnoll

Illustrated notes

Levels and vault maps discovered:
D:1:      amcnicky_arrival_single_pillar, layout_basic, serial_aquarium,
          aquarium_bridge_straight [aquarium_subvault_bridge,
          aquarium_subvault_window, aquarium_subvault_bridge,
          aquarium_subvault_wall], aquarium_window_fake, aquarium_window_2,
          aquarium_window_fake, aquarium_view_2g, aquarium_balcony_3a,
          aquarium_pool_side
D:2:      layout_loops_ring, minmay_fountain_box, uniq_jessica

Skill      XL: |  1  2 |
---------------+-------+-----
Necromancy     | 5 |  5.6
Dodging        | |  1.5
Stealth        | |  2.4
Spellcasting   | |  2.1

Action                     |  1- 3 |  4- 6 || total
---------------------------+-------+-------++-------
  Melee: Falchion          |     7 |       ||     7
         Bite              |     2 |     2 ||     4
         Dagger            |    10 |       ||    10
         Hand axe          |     8 |     4 ||    12
   Cast: Necrotise         |    40 |     8 ||    48
    Use: Potion            |     2 |     1 ||     3
   Stab: Sleeping          |     3 |       ||     3
 Armour: Robe              |    20 |    13 ||    33
  Dodge: Dodged            |    15 |     1 ||    16

Levels and vault maps discovered:
D:1:      amcnicky_arrival_single_pillar, layout_basic, serial_aquarium,
          aquarium_bridge_straight [aquarium_subvault_bridge,
          aquarium_subvault_window, aquarium_subvault_bridge,
          aquarium_subvault_wall], aquarium_window_fake, aquarium_window_2,
          aquarium_window_fake, aquarium_view_2g, aquarium_balcony_3a,
          aquarium_pool_side
D:2:      layout_loops_ring, minmay_fountain_box, uniq_jessica

Table legend: (Time is in decaauts)
 A = Elapsed time spent in this place.
 B = Non-inter-level travel time spent in this place.
 C = Inter-level travel time spent in this place.
 D = Time resting spent in this place.
 E = Time spent auto-exploring this place.
 F = Levels seen in this place.
 G = Mean time per level.
                   A        B        C        D        E       F      G
               +--------+--------+--------+--------+--------+-----+--------+
         Total |   1612 |   1570 |     42 |     50 |   1298 |   2 |  806.0 |
       Dungeon |   1612 |   1570 |     42 |     50 |   1298 |   2 |  806.0 |
               +--------+--------+--------+--------+--------+-----+--------+

Top non-repeatable levels by time:
     D:1: 1057 daAuts
     D:2: 555 daAuts

Table legend:
 A = Kills in this place as a percentage of kills in the entire game.
 B = Kills by you in this place as a percentage of kills by you in the entire game.
 C = Kills by friends in this place as a percentage of kills by friends in the entire game.
 D = Other kills in this place as a percentage of other kills in the entire game.
 E = Experience gained in this place as a percentage of experience gained in the entire game.
 F = Experience gained in this place divided by the number of levels of this place that you have seen.
                   A       B       C       D       E      F
               +-------+-------+-------+-------+-------+----------------------
         Total | 100.0 | 100.0 |   N/A |   N/A | 100.0 |  52.0
       Dungeon | 100.0 | 100.0 |   N/A |   N/A | 100.0 |  52.0
               +-------+-------+-------+-------+-------+----------------------
